 Dungeon Crawl Stone Soup version 0.31-a0-640-g39d97e502b (webtiles) character file.

Game seed: 13048250646944857741

11543 freelancePsychic the Grappler (level 11, -8/76 HPs)
             Began as a Gnoll Shapeshifter on Aug 28, 2023.
             Was a High Priest of Cheibriados.
             Mangled by a yak (15 damage)
             ... on level 10 of the Dungeon.
             The game lasted 00:17:39 (11235 turns).

freelancePsychic the Grappler (Gnoll Shapeshifter) Turns: 11235, Time: 00:17:40

Health: -8/76      AC:  4    Str: 27    XL:     11   Next: 79%
Magic:  21/21      EV: 18    Int: 22    God:    Cheibriados [*****.]
Gold:   341        SH:  0    Dex: 23    Spells: 11/23 levels left

rFire   . .          .
                       - Unarmed
rCold   . . .        (shield currently unavailable)
rNeg    . . .        p - +1 troll leather armour
rPois   +            I - +0 helmet
rElec   .            w - +0 cloak
rCorr   .            x - melded +0 pair of gloves
SInv    +            (no boots)
Will    .....        (no amulet)
Stlth   ++++         H - ring of Knowledge {Wiz SInv}
HPRegen 1.12/turn    A - ring of poison resistance
MPRegen 0.17/turn

%: wizardry (x1)
@: blade hands, very slow
A: reduced hp, fangs 1, strong nose, distributed training
a: Begin Untransformation, Renounce Religion, Bend Time, Temporal Distortion,
Slouch, Step From Time


You were on level 10 of the Dungeon.
You worshipped Cheibriados.
Cheibriados was extremely pleased with you.
You had blades for hands.
You visited 2 branches of the dungeon, and saw 11 of its levels.
You also visited: Bailey.

You collected 617 gold pieces.
You spent 276 gold pieces at shops.

Inventory:

Armour
 p - a +1 troll leather armour (worn)
 w - a +0 cloak (worn)
 x - a +0 pair of gloves (melded)
 y - a +3 leather armour of fire resistance
 I - a +0 helmet (worn)
Jewellery
 c - a ring of wizardry
 l - a ring of positive energy
 q - a ring of resist corrosion
 t - a ring of positive energy
 z - a +6 ring of dexterity
 A - a ring of poison resistance (right blade hand)
 C - a +6 ring of dexterity
 D - a +5 ring of evasion
 H - the ring of Knowledge (left blade hand) {Wiz SInv}
   (You found it on level 8 of the Dungeon)

   [ring of wizardry]

   Wiz:       It improves your spell success rate.
   SInv:      It lets you see invisible.
Talismans
 d - a flux talisman
 n - a blade talisman (active)
Wands
 a - a wand of flame (19)
 v - a wand of polymorph (8)
 E - a wand of roots (6)
 F - a wand of charming (22)
Scrolls
 b - 2 scrolls of vulnerability
 e - 2 scrolls of fog
 g - a scroll of enchant weapon
 h - 2 scrolls of amnesia
 i - a scroll of noise
 m - 2 scrolls of teleportation {@r4}
 K - 2 scrolls of enchant armour
Potions
 f - 4 potions of haste {@q3}
 j - 3 potions of magic
 k - 4 potions of heal wounds {unknown}
 o - 4 potions of cancellation {unknown}
 r - 3 potions of attraction
 s - 3 potions of brilliance {unknown}
 u - a potion of mutation {unknown}
 B - a potion of might {unknown}
 G - 5 potions of invisibility {unknown}
 J - 2 potions of enlightenment


   Skills:
 + Level 7.3 Fighting
 + Level 6.7 Short Blades
 + Level 6.7 Long Blades
 + Level 6.7 Axes
 + Level 6.7 Maces & Flails
 + Level 6.7 Polearms
 + Level 6.7 Staves
 + Level 6.7 Ranged Weapons
 + Level 6.7 Throwing
 + Level 6.7 Armour
 + Level 8.2 Dodging
 + Level 6.7 Stealth
 + Level 6.7 Shields
 + Level 9.5 Unarmed Combat
 + Level 6.7 Spellcasting
 + Level 5.6 Conjurations
 + Level 5.6 Hexes
 + Level 5.6 Summonings
 + Level 5.6 Necromancy
 + Level 5.6 Translocations
 + Level 5.6 Transmutations
 + Level 5.6 Fire Magic
 + Level 5.6 Ice Magic
 + Level 5.6 Air Magic
 + Level 5.6 Earth Magic
 + Level 5.6 Poison Magic
 + Level 7.4 Invocations
 + Level 6.7 Evocations
 + Level 9.1 Shapeshifting


You had 11 spell levels left.
You knew the following spells:

 Your Spells              Type           Power      Damage    Failure   Level
a - Call Canine Familiar  Summ           32%        N/A       1%          3
b - Borgnjor's Vile Clut  Necr/Erth      16%        N/A       11%         5
d - Olgreb's Toxic Radia  Pois           32%        N/A       4%          4

Your spell library contained the following spells:

 Spells                   Type           Power      Damage    Failure   Level
 Magic Dart               Conj           100%       1d8       1%          1
 Sting                    Tmut/Pois      100%       1d8       1%          1
 Ensorcelled Hibernation  Hex/Ice        64%        N/A       1%          2
 Passwall                 Tmut/Erth      26%        N/A       1%          2
 Poisonous Vapours        Pois/Air       64%        N/A       1%          2
 Scorch                   Fire           64%        2d7       1%          2
 Searing Ray              Conj           64%        2d6       1%          2
 Portal Projectile        Hex/Tloc       64%        N/A       1%          3
 Swiftness                Air            32%        N/A       1%          3
 Animate Dead             Necr           32%        N/A       4%          4
 Flame Wave               Conj/Fire      32%        2d9       4%          4
 Fulminant Prism          Conj/Hex       16%        3d10      4%          4
 Leda's Liquefaction      Hex/Erth       16%        N/A       4%          4
 Death Channel            Necr           16%        N/A       47%         6
 Summon Cactus Giant      Summ           16%        N/A       47%         6


Dungeon Overview and Level Annotations

Branches:
Dungeon (10/15)            Temple (1/1) D:5            Lair (0/5) D:8
    Orc (0/2) D:10         Bailey (visited)

Altars:
Ashenzari
Cheibriados
Dithmenos
Elyvilon
Fedhas
Gozag
Hepliaklqana
Kikubaaqudgha
Makhleb
Nemelex Xobeh
Okawaru
Qazlal
Ru
Trog
Uskayaw
Vehumet
Wu Jian
Xom
Yredelemnul
Zin
The Shining One

Shops:
D:1 [   D:3 :   D:10 [

Annotations:
D:7 Joseph


Innate Abilities, Weirdness & Mutations

You have blades for hands.
Your maximum health is decreased, since you lack skill for your form.
You are incapable of wielding weapons or throwing items.
You have very sharp teeth.
Your uncanny sense of smell can sniff out nearby items.
Your experience applies equally to all skills.


Message History

Cheibriados thoroughly appreciates the change of pace.
A yak comes into view.
You hit the yak.
The yak is lightly wounded.
The yak barely misses you.
You slice the yak!!
The yak is severely wounded.
The yak barely misses you.
You hit the yak. You bite the yak, but do no damage.
The yak is almost dead.
A yak comes into view.
The yak gores you.
You slice the yak!!
You kill the yak!
Cheibriados thoroughly appreciates the change of pace.
You barely miss the yak. You slash the yak!
The yak is moderately wounded.
The yak completely misses you.
You closely miss the yak.
The yak is moderately wounded.
The yak gores you but does no damage.
You slice the yak!!
You kill the yak!
Cheibriados thoroughly appreciates the change of pace.
The yak gores you! The yak misses you. The yak gores you! The yak misses you.
You see here a yak corpse.
You hit the yak. Your bite misses the yak.
The yak is lightly wounded.
The yak gores you! The yak barely misses you.
You completely miss the yak.
The yak is lightly wounded.
The yak gores you!
* * * LOW HITPOINT WARNING * * *
The yak gores you!
* * * LOW HITPOINT WARNING * * *
As you read the scroll labelled ELUODGH XASK, it crumbles to dust.
It is a scroll of enchant armour.
Your +0 troll leather armour glows green for a moment.
The yak completely misses you. The yak gores you!
You die...

.# ####..##......# .#
##.##......# ##
#.##.)...:# #
#..#......# #
##......... # ####.....†
#......
###################
#......
................@Y#
##.....
#################YYY....
##...# #####.. #####


You could see 4 yaks.

Vanquished Creatures
  A two-headed ogre (Bailey)
  A cyclops (D:10)
  2 kobold demonologists (D:10)
  An unseen horror (D:10)
  2 trolls
  Grinder (D:3)
  4 spriggans (Bailey)
  A wraith (D:9)
  A wyvern (D:7)
  7 yaks (D:10)
  Eustachio (D:6)
  3 steam dragons
  4 vampire mosquitoes (D:10)
  Edmund (D:6)
  An acid dragon (D:10)
  6 water moccasins
  4 black bears
  3 ice beasts
  An orc warrior (D:6)
  7 ogres
  5 centaurs
  8 kobold brigands
  A nameless horror (D:6)
  4 bullfrogs
  2 gnoll sergeants
  A scorpion (D:8)
  5 wights
  17 killer bees (D:9)
  6 howler monkeys
  Crazy Yiuf (D:3)
  5 hounds
  6 jellies
  7 orc priests
  Ijyb (D:4)
  Terence (D:3)
  2 iguanas
  5 orc wizards
  7 gnolls
  5 adders
  4 white imps
  3 ufetubi
  5 worms
  4 dart slugs
  40 orcs
  7 bats
  5 endoplasms
  6 giant cockroaches
  8 goblins
  3 hobgoblins
  3 jackals (D:2)
  3 quokkas (D:1)
  4 ball pythons
  8 frilled lizards
  23 kobolds
  5 rats
272 creatures vanquished.

Vanquished Creatures (collateral kills)
  A hornet (D:8)
  2 ogres (Bailey)
  A scorpion (D:6)
4 creatures vanquished.

Grand Total: 276 creatures vanquished

Notes
Turn   | Place    | Note
-------+----------+-------------------------------------------
     0 | D:1      | freelancePsychic the Gnoll Shapeshifter began the quest for
                  | the Orb.
     0 | D:1      | Reached XP level 1. HP: 17/17 MP: 1/1
   127 | D:1      | Reached XP level 2. HP: 21/23 MP: 2/2
   412 | D:1      | Reached XP level 3. HP: 26/28 MP: 3/3
   558 | D:1      | Found Nain's Antique Armour Emporium.
   797 | D:2      | Reached skill level 1 in Invocations
   975 | D:2      | Reached skill level 1 in Short Blades
   975 | D:2      | Reached skill level 1 in Long Blades
   975 | D:2      | Reached skill level 1 in Axes
   975 | D:2      | Reached skill level 1 in Maces & Flails
   975 | D:2      | Reached skill level 1 in Polearms
   975 | D:2      | Reached skill level 1 in Staves
   975 | D:2      | Reached skill level 1 in Ranged Weapons
   975 | D:2      | Reached skill level 1 in Throwing
   975 | D:2      | Reached skill level 1 in Armour
   975 | D:2      | Reached skill level 1 in Stealth
   975 | D:2      | Reached skill level 1 in Shields
   975 | D:2      | Reached skill level 1 in Spellcasting
   975 | D:2      | Reached skill level 1 in Evocations
   980 | D:2      | Reached XP level 4. HP: 12/34 MP: 5/5
  1225 | D:2      | Reached skill level 1 in Conjurations
  1225 | D:2      | Reached skill level 1 in Hexes
  1225 | D:2      | Reached skill level 1 in Summonings
  1225 | D:2      | Reached skill level 1 in Necromancy
  1225 | D:2      | Reached skill level 1 in Translocations
  1225 | D:2      | Reached skill level 1 in Transmutations
  1225 | D:2      | Reached skill level 1 in Fire Magic
  1225 | D:2      | Reached skill level 1 in Ice Magic
  1225 | D:2      | Reached skill level 1 in Air Magic
  1225 | D:2      | Reached skill level 1 in Earth Magic
  1225 | D:2      | Reached skill level 1 in Poison Magic
  1426 | D:2      | Identified the +4 mace "Duofyth" {drain, Str+3}
  1733 | D:2      | Found a faded altar of an unknown god.
  1933 | D:3      | Found a glowing golden altar of the Shining One.
  1980 | D:3      | Reached XP level 5. HP: 29/40 MP: 5/7
  2111 | D:3      | Noticed Grinder
  2116 | D:3      | Paralysed by Grinder for 2 turns
  2121 | D:3      | Killed Grinder
  2122 | D:3      | Reached skill level 5 in Dodging
  2122 | D:3      | Reached XP level 6. HP: 47/47 MP: 7/9
  2376 | D:3      | Found Hysyj's Book Shoppe.
  2405 | D:3      | Noticed Terence
  2412 | D:3      | Killed Terence
  2590 | D:3      | Found a runed translucent door.
  2591 | D:3      | Noticed Crazy Yiuf
  2650 | D:3      | Killed Crazy Yiuf
  2891 | D:1      | Bought a shimmering leather armour for 161 gold pieces
  2891 | D:1      | Identified the +0 leather armour of Xuecov {Rampage Will-
                  | rCorr Int+3} (You bought it in a shop on level 1 of the
                  | Dungeon)
  2944 | D:4      | Found a broken altar of Ashenzari.
  2958 | D:4      | Noticed Ijyb
  2967 | D:4      | Killed Ijyb
  2968 | D:4      | Reached XP level 7. HP: 44/52 MP: 10/10
  3693 | D:5      | Entered Level 5 of the Dungeon
  4056 | D:5      | Found a staircase to the Ecumenical Temple.
  4085 | Temple   | Entered the Ecumenical Temple
  4129 | Temple   | Became a worshipper of Cheibriados the Contemplative
  4194 | D:5      | HP: 2/53 [iguana (9)]
  4768 | D:5      | Reached XP level 8. HP: 57/60 MP: 12/12
  4948 | D:5      | Learned a level 3 spell: Call Canine Familiar
  5236 | D:1      | Bought a runed leather armour for 115 gold pieces
  5346 | D:6      | Noticed Edmund
  5359 | D:6      | Killed Edmund
  5374 | D:6      | Noticed Eustachio
  5391 | D:6      | Killed Eustachio
  5836 | D:6      | Reached XP level 9. HP: 66/66 MP: 14/14
  5969 | D:6      | Reached * piety under Cheibriados
  6222 | D:6      | Reached skill level 5 in Fighting
  6295 | D:6      | Learned a level 4 spell: Olgreb's Toxic Radiance
  6360 | D:6      | Found a burning altar of Makhleb.
  6970 | D:7      | Reached ** piety under Cheibriados
  7034 | D:7      | Reached skill level 5 in Invocations
  7548 | D:7      | Noticed Joseph
  7576 | D:7      | Noticed a gargoyle
  7655 | D:8      | Found a basalt altar of Yredelemnul.
  7787 | D:8      | Found a staircase to the Lair.
  7801 | D:8      | Reached XP level 10. HP: 68/75 MP: 15/17
  7807 | D:8      | Reached skill level 5 in Short Blades
  7807 | D:8      | Reached skill level 5 in Long Blades
  7807 | D:8      | Reached skill level 5 in Axes
  7807 | D:8      | Reached skill level 5 in Maces & Flails
  7807 | D:8      | Reached skill level 5 in Polearms
  7807 | D:8      | Reached skill level 5 in Staves
  7807 | D:8      | Reached skill level 5 in Ranged Weapons
  7807 | D:8      | Reached skill level 5 in Throwing
  7807 | D:8      | Reached skill level 5 in Armour
  7807 | D:8      | Reached skill level 5 in Stealth
  7807 | D:8      | Reached skill level 5 in Shields
  7807 | D:8      | Reached skill level 5 in Spellcasting
  7807 | D:8      | Reached skill level 5 in Evocations
  7986 | D:8      | Reached *** piety under Cheibriados
  8128 | D:8      | Identified the ring of Knowledge {Wiz SInv}
  8553 | D:8      | Learned a level 5 spell: Borgnjor's Vile Clutch
  8587 | D:9      | Found a flagged portal.
  8616 | Bailey   | Entered a bailey
  9219 | Bailey   | Noticed a two-headed ogre
  9226 | Bailey   | Killed a two-headed ogre
  9226 | Bailey   | Reached **** piety under Cheibriados
  9227 | Bailey   | Reached XP level 11. HP: 52/83 MP: 11/19
  9426 | D:9      | Reached skill level 5 in Conjurations
  9426 | D:9      | Reached skill level 5 in Hexes
  9426 | D:9      | Reached skill level 5 in Summonings
  9426 | D:9      | Reached skill level 5 in Necromancy
  9426 | D:9      | Reached skill level 5 in Translocations
  9426 | D:9      | Reached skill level 5 in Transmutations
  9426 | D:9      | Reached skill level 5 in Fire Magic
  9426 | D:9      | Reached skill level 5 in Ice Magic
  9426 | D:9      | Reached skill level 5 in Air Magic
  9426 | D:9      | Reached skill level 5 in Earth Magic
  9426 | D:9      | Reached skill level 5 in Poison Magic
 10085 | D:9      | Found a shadowy altar of Dithmenos.
 10632 | D:10     | Entered Level 10 of the Dungeon
 10666 | D:10     | Reached ***** piety under Cheibriados
 10769 | D:10     | Found a staircase to the Orcish Mines.
 10769 | D:10     | Noticed a cyclops
 10782 | D:10     | Killed a cyclops
 11018 | D:10     | Found Duth's Superior Scales.
 11235 | D:10     | Mangled by a yak

Illustrated notes

Levels and vault maps discovered:
D:1:      enne_arrival_octagon_isle, layout_loops_ring, serial_shops,
          shop_statue, minmay_misc_feat_ornament
D:2:      layout_basic, shapermc_ecumenical_altar_hornbeckon
D:3:      layout_basic, mainiacjoe_overflow_chevrons, serial_shops,
          nicolae_shop_statue_plus, uniq_grinder, uniq_crazy_yiuf_cottage,
          uniq_terence
D:4:      layout_cave_pools, old_standard_altar, uniq_ijyb
D:5:      layout_cave_pods, temple_pool_b, nicolae_wormholes
D:6:      layout_loops_ring, bloody_makhleb, hangedman_decor_push,
          mrwooster_statue_mirror, minmay_diced_spiral, uniq_eustachio,
          uniq_edmund
D:7:      hellmonk_ruined_rings, layout_cave_pods,
          nicolae_sif_muna_little_library, kennysheep_another_room,
          minmay_manual_mullet, uniq_joseph
D:8:      layout_rooms, mainiacjoe_overflow_boulevard,
          due_lair_maze_entry_diamond
D:9:      layout_irregular_city, mainiacjoe_overflow_brackets, enter_bailey_8,
          serial_column_ruins, column_ruins_square_large, column_ruins_grid_1,
          column_ruins_open_tiny, column_ruins_open_tiny,
          column_ruins_columns_straight, column_ruins_open_small,
          column_ruins_open_tiny, column_ruins_grid_1, eino_jars
D:10:     layout_rooms, orc_0_dummy, hellmonk_scale_shop
Temple:   nicolae_temple_bog_church

Skill      XL: |  1  2  3  4  5  6  7  8  9 10 11 |
---------------+----------------------------------+-----
Invocations    | 1 2 3 4 5 6 7 |  7.4
Short Blades   | 1 2 3 4 5 6 |  6.7
Long Blades    | 1 2 3 4 5 6 |  6.7
Axes           | 1 2 3 4 5 6 |  6.7
Maces & Flails | 1 2 3 4 5 6 |  6.7
Polearms       | 1 2 3 4 5 6 |  6.7
Staves         | 1 2 3 4 5 6 |  6.7
Ranged Weapons | 1 2 3 4 5 6 |  6.7
Throwing       | 1 2 3 4 5 6 |  6.7
Armour         | 1 2 3 4 5 6 |  6.7
Stealth        | 1 2 3 4 5 6 |  6.7
Shields        | 1 2 3 4 5 6 |  6.7
Spellcasting   | 1 2 3 4 5 6 |  6.7
Evocations     | 1 2 3 4 5 6 |  6.7
Conjurations   | 1 2 3 4 5 |  5.6
Hexes          | 1 2 3 4 5 |  5.6
Summonings     | 1 2 3 4 5 |  5.6
Necromancy     | 1 2 3 4 5 |  5.6
Translocations | 1 2 3 4 5 |  5.6
Transmutations | 1 2 3 4 5 |  5.6
Fire Magic     | 1 2 3 4 5 |  5.6
Ice Magic      | 1 2 3 4 5 |  5.6
Air Magic      | 1 2 3 4 5 |  5.6
Earth Magic    | 1 2 3 4 5 |  5.6
Poison Magic   | 1 2 3 4 5 |  5.6
Fighting       | 3 4 5 6 7 |  7.3
Dodging        | 5 6 7 8 |  8.2
Unarmed Combat | 7 8 9 |  9.5
Shapeshifting  | 7 8 9 |  9.1

Action                     |  1- 3 |  4- 6 |  7- 9 | 10-12 || total
---------------------------+-------+-------+-------+-------++-------
  Melee: Unarmed           |    97 |   117 |   370 |   272 ||   856
         Bite              |    13 |    16 |    45 |    40 ||   114
         Punch             |       |     1 |       |     6 ||     7
   Cast: Call Canine Famil |       |       |     6 |     3 ||     9
         Olgreb's Toxic Ra |       |       |       |    28 ||    28
         Borgnjor's Vile C |       |       |       |     2 ||     2
 Invoke: Slouch            |       |       |       |     1 ||     1
  Evoke: Wand              |       |       |       |    15 ||    15
    Use: Scroll            |       |     6 |     6 |     6 ||    18
         Potion            |       |     2 |     2 |     4 ||     8
   Stab: Distracted        |       |       |     2 |       ||     2
         Sleeping          |       |       |       |     1 ||     1
 Armour: Animal skin       |    17 |     8 |       |       ||    25
         Skin              |       |     4 |     4 |       ||     8
         Robe              |       |     8 |    17 |       ||    25
         Leather armour    |       |       |    68 |    67 ||   135
         Troll leather arm |       |       |       |    11 ||    11
  Dodge: Dodged            |    59 |    70 |   267 |   311 ||   707
   Form: Flux              |     1 |       |       |       ||     1
         Blade             |       |       |       |     1 ||     1

Table legend: (Time is in decaauts)
 A = Elapsed time spent in this place.
 B = Non-inter-level travel time spent in this place.
 C = Inter-level travel time spent in this place.
 D = Time resting spent in this place.
 E = Time spent auto-exploring this place.
 F = Levels seen in this place.
 G = Mean time per level.
                   A        B        C        D        E       F      G
               +--------+--------+--------+--------+--------+-----+--------+
         Total |  13147 |  12375 |    772 |    149 |  10018 |  12 | 1095.6 |
       Dungeon |  12143 |  11406 |    737 |      6 |   9425 |  10 | 1214.3 |
        Temple |     64 |     30 |     34 |      0 |     28 |   1 |   64.0 |
        Bailey |    938 |    938 |      0 |    143 |    564 |   1 |  938.0 |
               +--------+--------+--------+--------+--------+-----+--------+

Top non-repeatable levels by time:
     D:9: 1781 daAuts
     D:6: 1620 daAuts
     D:5: 1426 daAuts
     D:7: 1238 daAuts
     D:2: 1209 daAuts
     D:8: 1196 daAuts
     D:4: 966 daAuts
  Bailey: 938 daAuts
     D:3: 913 daAuts
     D:1: 902 daAuts
    D:10: 890 daAuts
  Temple: 64 daAuts
